 Dungeon Crawl Stone Soup version 0.32-a0-290-g598725c5f2 (webtiles) character file.

Game seed: 4364910543332247657

329 Ruich the Firebug (level 6, -2/45 HPs)
             Began as a Mountain Dwarf Fire Elementalist on Feb 14, 2024.
             Slain by Sigmund
             ... wielding a +0 scythe
              (4 damage)
             ... on level 4 of the Dungeon.
             The game lasted 00:09:01 (3958 turns).

Ruich the Firebug (MDFE)                            Turns: 3958, Time: 00:09:02

Health: -2/45      AC:  4    Str: 11    XL:     6   Next: 25%
Magic:  10/10      EV: 11    Int: 17    God:
Gold:   160        SH:  0    Dex: 10    Spells: 5/11 levels left

rFire   . . .        f - +0 whip
rCold   . . .        (no shield)
rNeg    . . .        a - +0 robe
rPois   .            (no helmet)
rElec   .            (no cloak)
rCorr   .            (no gloves)
SInv    .            l - +1 pair of boots
Will    .....        (no amulet)
Stlth   +            (no ring)
HPRegen 0.27/turn    (no ring)
MPRegen 0.12/turn

%: no passive effects
@: confused, hasted, very quick
A: runic magic, artefact enchanting
a: no special abilities


You were on level 4 of the Dungeon.
You visited 1 branch of the dungeon, and saw 4 of its levels.

You collected 160 gold pieces.


Innate Abilities, Weirdness & Mutations

Your spellcasting is much less encumbered by armour.
You can use scrolls of enchantment on lesser artefacts.


   Skills:
 - Level 1.3 Dodging
 - Level 1.4 Stealth
 + Level 3.3 Spellcasting
 + Level 3.0 Conjurations
 + Level 1.7 Translocations
 + Level 5.4 Fire Magic


You had 5 spell levels left.
You knew the following spells:

 Your Spells              Type           Power      Damage    Failure   Level
f - Foxfire               Conj/Fire      68%        2x1d7     3%          1
x - Scorch                Fire           42%        2d6       2%          2
X - Volatile Blastmotes   Fire/Tloc      30%        2d12      12%         3

Your spell library contained the following spells:

 Spells                   Type           Power      Damage    Failure   Level
 Inner Flame              Hex/Fire       12%        N/A       17%         3
 Sublimation of Blood     Necr           2%         N/A       26%         2
 Flame Wave               Conj/Fire      17%        2d7       28%         4
 Petrify                  Alch/Erth      2%         N/A       86%         4
 Irradiate                Conj/Alch      4%         3d13      94%         5

Inventory:

Hand Weapons
 f - a +0 whip (weapon)
Missiles
 i - 2 curare-tipped darts {=f}
Armour
 a - a +0 robe (worn)
 l - a +1 pair of boots (worn)
Wands
 d - a wand of mindburst (10)
Scrolls
 c - a scroll of teleportation {@r2}
Potions
 h - a potion of brilliance

Dungeon Overview and Level Annotations

Branches:
Dungeon (4/15)
 Temple: D:4-7

Altars:
Gozag
Trog
Beogh

Annotations:
D:3 3 runed translucent doors, bakla's ghost, amateur HuEE
D:4 Sigmund

..........# ..........#
..........# .........<#
....÷......# ▒▒▒▒▒
............. #.#.#
.............####.#.#▒
.#...................▒
###.......>.....@....▒▒ #
#...................▒▒ #
#..........####......▒ +▒
# . ... ##.....#▒..▒. # .
#####........... #
####...............
#####....####.#...(....
###.[......##.......#...#
##........#......##.......


There were no monsters in sight!


Message History

* * * LOW HITPOINT WARNING * * *
Unknown command.
You're too confused to cast spells.
You're too confused to cast spells.
It was a potion of brilliance.
You feel clever all of a sudden. Something hits you.
* * * LOW HITPOINT WARNING * * *
It was a potion of enlightenment.
You feel very buoyant.
You fly up into the air.
It was a potion of curing.
You feel better. Something hits you.
* * * LOW HITPOINT WARNING * * *
It was a potion of resistance.
You feel protected. Something hits you!
* * * LOW HITPOINT WARNING * * *
Unknown command.
Unknown command.
It was a potion of cancellation.
Your magical effects are unravelling.
You feel magically purged.
You float gracefully downwards.
You feel a little less clever now.
Your resistance to elements expires.
Your enlightenment fades.
Unknown command.
It was a potion of haste.
You feel yourself speed up.
You hear some strange, mumbled words.
You are confused.
Something hits you.
You die...

Skill      XL: |  1  2  3  4  5 |
---------------+----------------+-----
Conjurations   | 1 2 3 |  3.0
Spellcasting   | 2 3 |  3.3
Fire Magic     | 4 5 |  5.4
Translocations | 1 |  1.7
Dodging        | |  1.3
Stealth        | |  1.4

Action                     |  1- 3 |  4- 6 || total
---------------------------+-------+-------++-------
  Melee: Whip              |    24 |     3 ||    27
   Cast: Foxfire           |    31 |    50 ||    81
         Scorch            |     6 |    17 ||    23
    Use: Scroll            |       |     4 ||     4
         Potion            |       |     7 ||     7
 Armour: Robe              |    24 |    35 ||    59
  Dodge: Dodged            |    17 |    13 ||    30

Levels and vault maps discovered:
D:1:      mainiacjoe_arrival_reflecting_pool, layout_rooms
D:2:      layout_loops_cross, basic_altar
D:3:      layout_basic, grunt_gozag_statues, shapermc_ecumenical_altar_petra,
          biasface_ghost_orc_armoury
D:4:      minmay_polygon_palace, layout_rooms, serial_curves, eino_curves_04,
          eino_curves_01, kennysheep_generic_room_16, uniq_eustachio,
          uniq_sigmund

Notes
Turn   | Place    | Note
-------+----------+-------------------------------------------
     0 | D:1      | Ruich the Mountain Dwarf Fire Elementalist began the quest
                  | for the Orb.
     0 | D:1      | Reached XP level 1. HP: 14/14 MP: 3/3
    53 | D:1      | Reached skill level 1 in Conjurations
    70 | D:1      | Reached skill level 2 in Spellcasting
   121 | D:1      | Reached XP level 2. HP: 20/20 MP: 1/5
   280 | D:1      | Reached skill level 4 in Fire Magic
   359 | D:1      | Learned a level 2 spell: Scorch
   376 | D:1      | Reached XP level 3. HP: 22/26 MP: 2/6
   914 | D:2      | Found a bloodstained altar of Trog.
   928 | D:2      | Reached skill level 2 in Conjurations
   944 | D:2      | Reached XP level 4. HP: 28/33 MP: 2/7
   997 | D:2      | Learned a level 3 spell: Volatile Blastmotes
  2136 | D:3      | Reached XP level 5. HP: 38/38 MP: 7/9
  2297 | D:3      | Found an opulent altar of Gozag.
  2316 | D:3      | Reached skill level 1 in Translocations
  2316 | D:3      | Reached skill level 5 in Fire Magic
  2318 | D:3      | Reached skill level 3 in Spellcasting
  2671 | D:3      | Found a runed translucent gate.
  2672 | D:3      | Found a runed translucent gate.
  2672 | D:3      | Noticed bakla's ghost (amateur HuEE)
  2673 | D:3      | Found a runed translucent gate.
  2948 | D:3      | Found a faded altar of an unknown god.
  3068 | D:3      | Found a roughly hewn altar of Beogh.
  3813 | D:4      | Noticed a black bear
  3822 | D:4      | Killed a black bear
  3823 | D:4      | Reached skill level 3 in Conjurations
  3823 | D:4      | Reached XP level 6. HP: 29/45 MP: 1/10
  3927 | D:4      | Identified a +2 robe of resistance
  3927 | D:4      | Noticed Sigmund
  3951 | D:4      | HP: 4/45 [something (1)]
  3954 | D:4      | Identified a potion of resistance
  3954 | D:4      | HP: 1/45 [something (9)]
  3958 | D:4      | Slain by Sigmund

Vanquished Creatures
  A black bear (D:4)
  An orc priest (D:3)
  An iguana (D:4)
  3 gnolls
  5 adders
  3 dart slugs
  A ribbon worm (D:2)
  3 orcs (D:3)
  4 bats
  2 endoplasms
  2 giant cockroaches (D:1)
  6 hobgoblins
  4 jackals (D:4)
  2 quokkas
  5 ball pythons
  2 frilled lizards (D:1)
  5 goblins (D:1)
  3 kobolds
  6 rats
59 creatures vanquished.

Vanquished Creatures (others)
  118 foxfires
118 creatures vanquished.

Grand Total: 177 creatures vanquished

Table legend: (Time is in decaauts)
 A = Elapsed time spent in this place.
 B = Non-inter-level travel time spent in this place.
 C = Inter-level travel time spent in this place.
 D = Time resting spent in this place.
 E = Time spent auto-exploring this place.
 F = Levels seen in this place.
 G = Mean time per level.
                   A        B        C        D        E       F      G
               +--------+--------+--------+--------+--------+-----+--------+
         Total |   3962 |   3692 |    270 |   1118 |   2070 |   4 |  990.5 |
       Dungeon |   3962 |   3692 |    270 |   1118 |   2070 |   4 |  990.5 |
               +--------+--------+--------+--------+--------+-----+--------+

Top non-repeatable levels by time:
     D:3: 1614 daAuts
     D:2: 1071 daAuts
     D:1: 827 daAuts
     D:4: 448 daAuts

Table legend:
 A = Non-vault XP
 B = Vault XP
 C = Vault XP percentage of total XP
 D = Non-vault monster count
 E = Vault monster count
 F = Vault count percentage of total count
                 A         B        C        D         E       F
            +---------+---------+-------+---------+---------+-------
      Total |     471 |       0 |   0.0 |      59 |       0 |   0.0
            +---------+---------+-------+---------+---------+-------
        D:1 |      73 |       0 |   0.0 |      26 |       0 |   0.0
        D:2 |      88 |       0 |   0.0 |      13 |       0 |   0.0
        D:3 |     113 |       0 |   0.0 |      13 |       0 |   0.0
        D:4 |     197 |       0 |   0.0 |       7 |       0 |   0.0
            +---------+---------+-------+---------+---------+-------
